Construct Infanterie Kompanie
Infanterie Officer Quarters
Selects Luftwaffe Battlegroup
Selects Luftwaffe Pioneer Support
Selects Stuka Strafing Run
Selects Fallschirmjäger Squad Paradrop
Fallschirmjäger Squad Paradrop
Fallschirmjäger Squad Paradrop
Selects LG40 Recoilless Gun Paradrop
LG40 Recoilless Gun Paradrop
Construct Luftwaffe Kompanie
Selects Infantry Reserves
Marder III M Tank Destroyer
Marder III M Tank Destroyer